 Dungeon Crawl Stone Soup version 0.24-a0-165-g1b465fe (webtiles) character file.

Game seed: 3316112609937833096

18 Dfrag the Grave Robber (level 2, 6/22 HPs)
             Began as a Deep Dwarf Necromancer on Mar 7, 2019.
             Quit the game on level 1 of the Dungeon.
             The game lasted 00:00:35 (260 turns).

Dfrag the Grave Robber (Deep Dwarf Necromancer)      Turns: 260, Time: 00:00:35

Health: 6/22       AC:  2    Str: 11    XL:     2   Next: 51%
Magic:  1/5        EV: 12    Int: 15    God:
Gold:   33         SH:  0    Dex: 13    Spells: 4/5 levels left

rFire    . . .     SeeInvis .   d - +0 dagger
rCold    . . .     Gourm    .   (no shield)
rNeg     . . .     Faith    .   a - +0 robe
rPois    .         Spirit   .   (no helmet)
rElec    .         Reflect  .   (no cloak)
rCorr    .         Harm     .   (no gloves)
MR       .....                  (no boots)
Stlth    ++........             (no amulet)
HPRegen  0.00/turn              (no ring)
MPRegen  0.09/turn              (no ring)

@: non-regenerating
A: damage resistance, heal wounds, sense surroundings 1, no regeneration
a: Heal Wounds


You were on level 1 of the Dungeon.
You were not hungry.

You visited 1 branch of the dungeon, and saw 1 of its levels.

You collected 33 gold pieces.

Inventory:

Hand Weapons
 d - a +0 dagger (weapon)
Armour
 a - a +0 robe (worn)
Scrolls
 b - 2 scrolls of identify {unknown}
Comestibles
 c - 2 rations


   Skills:
 - Level 2.1 Dodging
 - Level 2.4 Stealth
 * Level 2.4 Spellcasting
 + Level 4.6 Necromancy


You had 4 spell levels left.
You knew the following spells:

 Your Spells              Type           Power        Failure   Level  Hunger
a - Pain                  Necr           ###.         3%          1    #......

Your spell library contained the following spells:

 Spells                   Type           Power        Failure   Level  Hunger
 Animate Skeleton         Necr           N/A          3%          1    #......
 Vampiric Draining        Necr           ###.......   10%         3    ###....
 Animate Dead             Necr           N/A          30%         4    #####..
 Regeneration             Chrm/Necr      Unusable     N/A         3    N/A

Dungeon Overview and Level Annotations

Branches:
Dungeon (1/15)

Altars:


Innate Abilities, Weirdness & Mutations

You are resistant to damage.
You can heal yourself by infusing magical energy.
You passively map a small area around you.
You do not regenerate.


Message History

You see here a leopard gecko corpse.
You closely miss the goblin.
The goblin is moderately wounded.
The goblin hits you with a +0 dagger.
You hit the goblin but do no damage.
The goblin is moderately wounded.
The goblin misses you.
You barely miss the goblin. The goblin hits you with a +0 dagger.
* * * LOW HITPOINT WARNING * * *
You closely miss the goblin. The goblin misses you.
You hit the goblin.
The goblin is moderately wounded.
The goblin hits you with a +0 dagger.
You hit the goblin but do no damage.
The goblin is moderately wounded.
The goblin hits you but does no damage.
You hit the goblin.
The goblin is heavily wounded.
The goblin barely misses you.
Are you sure you want to abandon this character and quit the game? (Confirm with "yes".)

* #.##.#.##
,###.##....# *
* ,..........#
* *##..#....#
#######..#.####
##........#.#
....[.......#
#.####.###.#
#.....@# #.#
*#..###g# #.# ,
, # , #..,..# ,
....### * , ,
###.# .# , * .#
* * # *


You could see a goblin.

Vanquished Creatures
  An ooze (D:1)
  A leopard gecko (D:1)
  A giant cockroach (D:1)
  A goblin (D:1)
  3 hobgoblins (D:1)
  A bat (D:1)
  2 frilled lizards (D:1)
  2 kobolds (D:1)
  A rat (D:1)
13 creatures vanquished.

Notes
Turn   | Place    | Note
-------+----------+-------------------------------------------
     0 | D:1      | Dfrag the Deep Dwarf Necromancer began the quest for the
                  | Orb.
     0 | D:1      | Reached XP level 1. HP: 15/15 MP: 3/3
    94 | D:1      | Reached XP level 2. HP: 19/22 MP: 0/5
   260 | D:1      | Quit the game

Levels and vault maps discovered:
D:1:      minmay_arrival_wavy_path, layout_loops_ring

Skill      XL: |  1 |
---------------+----+-----
Spellcasting   | 2 |  2.4
Dodging        | |  2.1
Stealth        | |  2.4
Necromancy     | |  4.6

Action                   || total
-------------------------++-------
Melee: Unarmed           ||    16
       Dagger            ||    20
 Cast: Pain              ||    18
Armor: Robe              ||     2
Dodge: Dodged            ||    25

Table legend:
 A = Non-vault XP
 B = Vault XP
 C = Vault XP percentage of total XP
 D = Non-vault monster count
 E = Vault monster count
 F = Vault count percentage of total count
                 A         B        C        D         E       F
            +---------+---------+-------+---------+---------+-------
      Total |      27 |       0 |   0.0 |      13 |       0 |   0.0
            +---------+---------+-------+---------+---------+-------
        D:1 |      27 |       0 |   0.0 |      13 |       0 |   0.0
            +---------+---------+-------+---------+---------+-------
